 Dungeon Crawl Stone Soup version 0.22.0-32-gbc6daba (webtiles) character file.

44 Monsterracer the Chopper (level 3, -2/33 HPs)
             Began as a Naga Gladiator on Aug 23, 2018.
             Slain by a wight
             ... wielding a cursed +4 falchion
              (3 damage)
             ... on level 1 of the Dungeon.
             The game lasted 00:01:51 (1504 turns).

Monsterracer the Chopper (Naga Gladiator)           Turns: 1504, Time: 00:01:52

Health: -2/33      AC:  3    Str: 17    XL:     3   Next: 62%
Magic:  3/3        EV: 10    Int:  8    God:
Gold:   65         SH:  0    Dex: 12    Spells: 2/2 levels left

rFire    . . .     SeeInvis +   a - +0 war axe
rCold    . . .     Gourm    .   (no shield)
rNeg     . . .     Faith    .   b - +0 leather armour
rPois    +         Spirit   .   f - +0 helmet
rElec    .         Reflect  .   (no cloak)
rCorr    .         Harm     .   (no gloves)
MR       .....                  (no barding)
Stlth    +.........             (no amulet)
HPRegen  0.11/turn              (no ring)
MPRegen  0.08/turn              (no ring)

@: drained, very slow
A: large, see invisible, deformed body, poison resistance, slowness 2, slow
metabolism 1, spit poison 1, AC +1
a: Spit Poison


You were on level 1 of the Dungeon.
You were not hungry.

You visited 1 branch of the dungeon, and saw 2 of its levels.

You collected 65 gold pieces.

Inventory:

Hand Weapons
 a - a +0 war axe (weapon)
Missiles
 d - 3 throwing nets (quivered)
Armour
 b - a +0 leather armour (worn)
 f - a +0 helmet (worn)
Jewellery
 l - an uncursed ring of ice
Scrolls
 e - a scroll of enchant armour {unknown}
 i - a scroll of random uselessness {unknown}
 j - 5 scrolls of identify {unknown}
 m - a scroll of enchant weapon {unknown}
 q - a scroll of blinking {unknown}
Potions
 g - 4 potions of curing {unknown}
 h - a potion of flight {unknown}
 k - a potion of lignification {unknown}
 n - a potion of heal wounds {unknown}
 o - a potion of mutation {unknown}
Comestibles
 c - 5 rations
 p - 2 chunks of flesh


   Skills:
 + Level 2.7(2.1) Fighting
 * Level 4.1(3.5) Axes
 - Level 1.7(1.2) Throwing
 - Level 2.4(1.8) Dodging


You had 2 spell levels left.
You didn't know any spells.
Your spell library was empty.

Dungeon Overview and Level Annotations

Branches:
Dungeon (2/15)

Altars:


Innate Abilities, Weirdness & Mutations

You cannot wear boots.
Your serpentine skin is tough. (AC +1)
You have supernaturally acute eyesight. (SInv)
Armour fits poorly on your strangely shaped body.
Your system is resistant to poisons. (rPois)
You cover ground very slowly.
You have a slow metabolism.
You can spit poison.


Message History

No target in view!
A goblin comes into view.
The goblin shouts!
The goblin moves out of view.
Found a scroll labeled EWOIGI WOKU.
No target in view!
A worm comes into view.
There are monsters nearby!
Found a glowing short sword.
There are monsters nearby!
You miss the goblin. The goblin hits you.
You take 2 damage, and have 31/33 hp.
You closely miss the goblin. The goblin hits you. x2
You take 4 damage, and have 27/33 hp.
You closely miss the goblin. The goblin misses you.
You slash the goblin!
You kill the goblin!
The worm bites you but does no damage.
You see here a goblin corpse.
Press: ? - help, Shift-Dir - straight line, f - worm
Aim: a worm The splash of poison hits the worm.
The worm is lightly wounded.
You feel slightly more hungry. The worm bites you.
You take 4 damage, and have 23/33 hp.
You slash the worm!
The worm is almost dead.
The worm closely misses you.
You slash the worm!
You kill the worm!
You have got your breath back.
Key pressed, stopping explore.
You are feeling hungry.
You regained 7 hp, and now have 31/33 hp.
You butcher the goblin corpse.
p - 3 chunks of flesh Eating one of 3 chunks of flesh.
You eat one of the 3 chunks of flesh.
This raw flesh tastes terrible.
j - 5 scrolls labeled EWOIGI WOKU (gained 1)
q - a scroll labeled ACISAMYKAD Health restored: 33 No target in view!
A hobgoblin comes into view. It is wielding a club.
Found a stone staircase leading down and a stone staircase leading up.
A wight comes into view.
It is wielding a scimitar. 2 wights come into view.
The hobgoblin shouts!
A hobgoblin comes into view. It is wielding a club.
Found a scroll labeled MOPEVUYMI.
Found a stone staircase leading down.
There are monsters nearby!
A wight comes into view. It is wielding an enchanted halberd.
The wight hits you with a scimitar. The hobgoblin hits you with a club.
You take 2 damage, and have 31/33 hp.
There are monsters nearby!
You hit the wight.
The wight is lightly damaged.
You hit the hobgoblin. The wight misses you. The hobgoblin barely misses you.
The hobgoblin hits you with a club. The wight barely misses you.
You take 2 damage, and have 29/33 hp.
You hit the hobgoblin.
You kill the hobgoblin!
You hit the wight but do no damage.
The wight is lightly damaged.
The wight hits you with a scimitar.
You take 4 damage, and have 25/33 hp.
The wight closely misses you. The wight closely misses you.
The wight hits you with an enchanted falchion.
You feel drained.
You take 7 damage, and have 19/33 hp.
MASSIVE DAMAGE!!
The hobgoblin closely misses you.
The wight hits you with an enchanted falchion.
* * * LOW HITPOINT WARNING * * *
There is a stone staircase leading up, spattered with blood here.
You take 6 damage, and have 14/33 hp.
The hobgoblin hits you with a club.
* * * LOW HITPOINT WARNING * * *
The wight misses you. The wight barely misses you.
You climb upwards.
There is a stone staircase leading down here.
Unknown command.
Unknown command.
Unknown command.
Unknown command.
You take 4 damage, and have 10/33 hp.
Unknown command.
The wight hits you but does no damage. The wight barely misses you.
The hobgoblin barely misses you.
The wight hits you with an enchanted falchion.
* * * LOW HITPOINT WARNING * * *
You take 4 damage, and have 7/33 hp.
You slash the wight!
The wight is severely damaged.
The wight misses you.
You hit the wight.
The wight is almost destroyed.
The wight hits you with an enchanted falchion.
* * * LOW HITPOINT WARNING * * *
You feel drained.
You die...

###.....#####...#.......# #..
...........#....##....##########.
#.........#......................
#....<....#..#....)......(.......
[..........#.....................
###.....#####......#.............
...#...#)...........>÷#..........
....#.#..#......##.#÷.#..........
..#..#..........@zg...#..........
..##...#.#.....###'####..........
..#....#.#....#......###########.
..##.................# #.
.....................# #.
..##.#........#......# #.
..##.................# #.
..##...#...........### ##
..##>..#........####


You could see a wight and a hobgoblin.

Vanquished Creatures
  An adder (D:1)
  A worm (D:2)
  A ball python (D:2)
  6 bats
  2 giant cockroaches (D:1)
  6 goblins
  6 hobgoblins
  3 kobolds
  2 frilled lizards (D:1)
  A rat (D:1)
29 creatures vanquished.

Notes
Turn   | Place    | Note
-------+----------+-------------------------------------------
     0 | D:1      | Monsterracer the Naga Gladiator began the quest for the Orb.
     0 | D:1      | Reached XP level 1. HP: 19/19 MP: 1/1
   258 | D:1      | Reached XP level 2. HP: 15/26 MP: 2/2
   951 | D:1      | HP: 13/27 [adder (3)]
   953 | D:1      | Reached XP level 3. HP: 14/33 MP: 3/3
   958 | D:1      | HP: 13/33 [poisoned by an adder]
  1306 | D:2      | Reached skill level 4 in Axes
  1496 | D:2      | HP: 14/33 [wight/enchanted falchion (6)]
  1501 | D:1      | HP: 7/33 [wight/enchanted falchion (4)]
  1504 | D:1      | HP: 1/33 [wight/enchanted falchion (6)]
  1504 | D:1      | Slain by a wight

Skill      XL: |  1  2  3 |
---------------+----------+-----
Axes           | 4 |  4.1
Fighting       | |  2.7
Throwing       | |  1.7
Dodging        | |  2.4

Action                   || total
-------------------------++-------
Melee: War axe           ||    70
 Abil: Spit Poison       ||    14
  Eat: Chunk             ||     2
Armor: Leather armour    ||    34
Dodge: Dodged            ||    71

Vault maps used:
D:1:      scummos_arrival_star, corexii_item_surrounded_by_moat
D:2:      minmay_pentomino_x2
